 Dungeon Crawl Stone Soup version 0.21.1-1-g345015f (webtiles) character file.

665 Kagorn the Skirmisher (level 7, 0/49 HPs)
             Began as a Halfling Fighter on July 15, 2018.
             Slain by an ice beast (12 damage)
             ... on level 5 of the Dungeon.
             The game lasted 00:20:22 (4354 turns).

Kagorn the Skirmisher (Halfling Fighter)            Turns: 4354, Time: 00:20:22

Health: 0/49       AC:  9    Str: 19    XL:     7   Next: 88%
Magic:  7/7        EV: 11    Int:  6    God:
Gold:   227        SH: 10    Dex: 14    Spells: 6/6 levels left

rFire    . . .     SeeInvis .   h - +2 whip (elec)
rCold    . . .     Gourm    .   c - +0 shield
rNeg     . . .     Faith    .   b - +0 scale mail
rPois    .         Spirit   .   r - +1 helmet
rElec    .         Reflect  .   (no cloak)
rCorr    +         Harm     .   (no gloves)
MR       .....                  (no boots)
Stlth    +.........             (no amulet)
HPRegen  0.16/turn              t - ring of flight (curse)
MPRegen  0.10/turn              p - ring of resist corrosion

@: no status effects
A: small, mutation resistance 1
a: Evoke Flight


You were on level 5 of the Dungeon.
You were not hungry.

You visited 1 branch of the dungeon, and saw 5 of its levels.

You collected 227 gold pieces.

Inventory:

Hand Weapons
 a - a +0 rapier
 d - a +0 hunting sling
 h - a +2 whip of electrocution (weapon)
 o - a +0 war axe of freezing
Missiles
 i - 21 poisoned needles
 m - 8 needles of frenzy
 q - 12 sling bullets
Armour
 b - a +0 scale mail (worn)
 c - a +0 shield (worn)
 k - a +1 hat of intelligence
 r - a +1 helmet (worn)
Jewellery
 p - a ring of resist corrosion (right hand)
 t - a cursed ring of flight (left hand)
Scrolls
 e - 7 scrolls of identify
 g - 2 scrolls of fog
 n - a scroll of teleportation
Potions
 j - a potion of agility {unknown}
 l - a potion of invisibility
 s - a potion of degeneration {unknown}
Comestibles
 f - 6 rations


   Skills:
 * Level 4.5 Fighting
 - Level 4.1 Short Blades
 * Level 2.4 Maces & Flails
 + Level 4.3 Armour
 + Level 2.7 Dodging
 + Level 3.2 Stealth
 + Level 4.4 Shields


You had 6 spell levels left.
You didn't know any spells.

Dungeon Overview and Level Annotations

Branches:
Dungeon (5/15)
 Temple: D:4-7

Altars:
Cheibriados

Annotations:
D:5 eyesofgods1's ghost, amateur GnWn


Innate Abilities, Weirdness & Mutations

You are small and have problems with some larger weapons.
You are somewhat resistant to further mutation.


Message History

The ice beast closely misses you.
You hit the ice beast.
Lightning courses through the ice beast!
The ice beast is almost dead.
You closely miss the ice beast.
The ice beast is almost dead.
You block the ice beast's attack.
The ice beast hits you but does no damage.
You closely miss the ice beast.
The ice beast is almost dead.
The ice beast hits you. The ice beast freezes you!
You hit the ice beast but do no damage.
The ice beast is almost dead.
The ice beast hits you. The ice beast freezes you!
Your shield prevents you from hitting the ice beast.
The ice beast is almost dead.
The ice beast hits you.
* * * LOW HITPOINT WARNING * * *
The ice beast freezes you!
You die...

##### #...# #Y@.#
#...# #...# #...#
..8.. #.....# ##...##
......##.##..#+# .
#......#.#...#.##...#


You could see an ice beast.

Vanquished Creatures
  The ghost of RottenKnight the Conjurer, an amateur DrCj (D:4)
  A scorpion (D:4)
  A howler monkey (D:4)
  A gnoll shaman (D:4)
  2 orc wizards
  A jelly (D:5)
  2 orc priests (D:3)
  2 worker ants (D:4)
  A hound skeleton (D:5)
  7 adders
  4 gnolls (D:4)
  2 oozes
  A dart slug (D:1)
  3 leopard geckos
  9 orcs
  9 bats
  2 giant cockroaches
  10 goblins
  6 hobgoblins
  7 jackals (D:1)
  10 kobolds
  2 quokkas (D:4)
  A ball python (D:1)
  6 frilled lizards
  12 rats
  A bush (D:1)
104 creatures vanquished.

Notes
Turn   | Place    | Note
-------+----------+-------------------------------------------
     0 | D:1      | Kagorn the Halfling Fighter began the quest for the Orb.
     0 | D:1      | Reached XP level 1. HP: 15/15 MP: 1/1
    40 | D:1      | Reached XP level 2. HP: 20/20 MP: 2/2
   189 | D:1      | Reached XP level 3. HP: 19/25 MP: 3/3
   484 | D:1      | Reached skill level 1 in Stealth
   540 | D:1      | Reached XP level 4. HP: 31/31 MP: 4/4
  1019 | D:2      | Reached skill level 1 in Dodging
  1294 | D:2      | Reached XP level 5. HP: 36/36 MP: 5/5
  2486 | D:3      | Reached XP level 6. HP: 35/43 MP: 6/6
  2822 | D:3      | Found a snail-covered altar of Cheibriados.
  2902 | D:4      | Reached skill level 1 in Maces & Flails
  3243 | D:4      | Noticed RottenKnight's ghost (amateur DrCj)
  3408 | D:4      | Reached XP level 7. HP: 47/48 MP: 7/7
  4105 | D:4      | Killed RottenKnight's ghost
  4158 | D:5      | Entered Level 5 of the Dungeon
  4233 | D:5      | Noticed eyesofgods1's ghost (amateur GnWn)
  4354 | D:5      | Slain by an ice beast

Skill      XL: |  1  2  3  4  5  6  7 |
---------------+----------------------+-----
Short Blades   | 3 4 |  4.1
Fighting       | 3 4 |  4.5
Stealth        | 1 2 3 |  3.2
Dodging        | 1 2 |  2.7
Maces & Flails | 1 2 |  2.4
Shields        | 4 |  4.4
Armour         | 4 |  4.3

Action                   |  1- 3 |  4- 6 |  7- 9 || total
-------------------------+-------+-------+-------++-------
Melee: Rapier            |   108 |   250 |       ||   358
       Whip              |       |    57 |    73 ||   130
  Use: Scroll            |       |     9 |       ||     9
       Potion            |       |     6 |     2 ||     8
  Eat: Ration            |       |     2 |     1 ||     3
       Chunk             |       |     3 |       ||     3
Armor: Scale mail        |    39 |    74 |    17 ||   130
Dodge: Dodged            |    52 |    57 |    14 ||   123
Block: Shield            |    65 |    75 |    34 ||   174
